 Dungeon Crawl Stone Soup version 0.30-a0-824-g6c64550be9 (webtiles) character file.

Game seed: 3594732756441584532

1285 Wobber the Chopper (level 8, -6/70 HPs)
             Began as a Hill Orc Cinder Acolyte on Feb 27, 2023.
             Was an Elder of Ignis.
             Mangled by a gnoll
             ... wielding a +0 halberd
             ... led by a gnoll bouda
              (9 damage)
             ... on level 7 of the Dungeon on Feb 28, 2023.
             The game lasted 00:25:08 (6189 turns).

Wobber the Chopper (Hill Orc Cinder Acolyte)        Turns: 6189, Time: 00:25:09

Health: -6/70      AC: 15    Str: 19    XL:     8   Next: 55%
Magic:  3/21       EV: 12    Int: 20    God:    Ignis [****..]
Gold:   425        SH:  0    Dex:  6    Spells: 10/12 levels left

rFire   + . .      SeeInvis .    d - +0 broad axe
rCold   . . .      Faith    .    (no shield)
rNeg    . . .      Spirit   .    N - +2 robe of Fortitude {rPois rCorr}
rPois   +          Reflect  .    o - +1 helmet
rElec   .          Harm     .    (no cloak)
rCorr   +          Rampage  .    k - +0 pair of gloves
Will    .....                    z - +0 pair of boots
Stlth   +                        A - amulet of the acrobat
HPRegen 0.31/turn                g - +6 ring of intelligence
MPRegen 0.17/turn                x - ring of magical power

@: fiery-armoured
A: no striking features
a: Renounce Religion, Fiery Armour, Foxfire Swarm, Rising Flame


You were on level 7 of the Dungeon.
You worshipped Ignis.
Ignis was greatly pleased with you.
You visited 1 branch of the dungeon, and saw 7 of its levels.
You also visited: Sewer.

You collected 425 gold pieces.

Inventory:

Hand Weapons
 a - a +1 heavy sling
 b - a -1 hand axe of flaming
 d - a +0 broad axe (weapon)
 B - a +0 war axe
Missiles
 e - a throwing net
 n - 23 poisoned darts
Armour
 k - a +0 pair of gloves (worn)
 o - a +1 helmet (worn)
 r - a +2 robe of willpower
 z - a +0 pair of boots (worn)
 N - the +2 robe of Fortitude (worn) {rPois rCorr}
   (You found it on level 6 of the Dungeon)

   rPois:     It protects you from poison.
   rCorr:     It protects you from acid and corrosion.
Jewellery
 g - a +6 ring of intelligence (left hand)
 x - a ring of magical power (right hand)
 A - an amulet of the acrobat (around neck)
 F - a +6 ring of dexterity
 O - a ring of wizardry
Wands
 q - a wand of polymorph (7)
 E - a wand of paralysis (6)
 G - a wand of acid (7)
 K - a wand of digging (4)
 L - a wand of flame (23)
Scrolls
 c - 2 scrolls of poison
 m - a scroll of magic mapping {unknown}
 t - 4 scrolls of teleportation
 y - a scroll of blinking
 H - a scroll of fear {unknown}
 J - a scroll of enchant armour
 M - 2 scrolls of fog {unknown}
Potions
 f - 2 potions of brilliance
 h - a potion of ambrosia {unknown}
 i - 5 potions of curing
 j - 2 potions of heal wounds {unknown}
 l - 3 potions of invisibility
 s - 3 potions of attraction {unknown}
 u - 2 potions of flight
 v - a potion of mutation {unknown}
 w - a potion of might {unknown}
 C - a potion of magic {unknown}
 D - a potion of resistance {unknown}
 I - 3 potions of haste {unknown}


   Skills:
 + Level 6.1 Fighting
 + Level 6.7 Axes
 + Level 4.3 Armour
 + Level 3.3 Dodging
 + Level 2.9 Spellcasting
 + Level 5.4 Fire Magic


You had 10 spell levels left.
You knew the following spells:

 Your Spells              Type           Power      Damage    Failure   Level
a - Scorch                Fire           48%        2d7       2%          2

Your spell library contained the following spells:

 Spells                   Type           Power      Damage    Failure   Level
 Beastly Appendage        Tmut           4%         N/A       14%         1
 Wereblood                Tmut           2%         N/A       22%         2
 Spider Form              Tmut/Pois      2%         N/A       41%         3


Dungeon Overview and Level Annotations

Branches:
Dungeon (7/15)             Temple (0/1) D:6           Sewer (visited)

Altars:
Ashenzari
Elyvilon
Fedhas
Hepliaklqana
Kikubaaqudgha
Makhleb
Nemelex Xobeh
Trog
Yredelemnul
Zin

Shops:
D:1 ?   D:3 *


Message History

The black bear bites you but does no damage.
The black bear is burned by your cloak of flames.
The black bear is almost dead.
The black bear claws you but does no damage.
The black bear is burned by your cloak of flames.
You kill the black bear!
You are too injured to fight recklessly!
Casting: Scorch (safe; 2% risk of failure)
Confirm with . or Enter, or press ? or * to list all spells.
Flames lash the ice beast.
The ice beast melts!
The ice beast is lightly wounded.
The ice beast's fire resistance burns away.
The ice beast hits you but does no damage.
The ice beast melts!
The ice beast is burned by your cloak of flames.
The ice beast is heavily wounded.
Casting: Scorch (safe; 2% risk of failure)
Confirm with . or Enter, or press ? or * to list all spells.
Flames lash the ice beast.
The ice beast melts!
The ice beast is heavily wounded.
The ice beast barely misses you.
You closely miss the ice beast.
The ice beast is heavily wounded.
The ice beast hits you but does no damage.
The ice beast melts!
The ice beast is burned by your cloak of flames.
The ice beast is almost dead.
The gnoll hits you from afar with a +0 halberd.
* * * LOW HITPOINT WARNING * * *
Casting: Scorch (safe; 2% risk of failure)
Confirm with . or Enter, or press ? or * to list all spells.
Flames lash the ice beast but do no damage.
The ice beast hits you.
* * * LOW HITPOINT WARNING * * *
The ice beast freezes you!
* * * LOW HITPOINT WARNING * * *
The ice beast is burned by your cloak of flames.
The ice beast is almost dead.
The gnoll hits you from afar with a +0 halberd!
You die...

.. ... .# .#
#.###. ##..
..#.... .... .#...
..... # .). .....
#.##g##
......#..)g.#
......####Y.#.####
#.......@.........
#####.<.#..#.####.
#.........#
#.....#...#
#.....##..#
............
....#...#..###
.....#...# .#
.....#...#


You could see an ice beast (combustible) and 2 gnolls.

Vanquished Creatures
  Sigmund (D:3)
  An ice beast (D:5)
  2 ogres
  A black bear (D:7)
  The ghost of cforsyth the Sneak, an amateur KoBr (D:3)
  2 necrophages (D:5)
  A scorpion (D:5)
  A gnoll bouda (D:7)
  An orc priest (D:4)
  Terence (D:2)
  Jessica (D:2)
  3 iguanas
  A hell rat (Sewer)
  2 orc wizards (D:4)
  9 gnolls
  4 adders
  A river rat (D:5)
  A shadow imp (D:6)
  A white imp (D:5)
  3 worms
  4 dart slugs
  15 orcs
  4 ball pythons
  3 bats
  5 endoplasms
  5 giant cockroaches (D:1)
  6 hobgoblins
  4 quokkas
  A frilled lizard (D:2)
  5 goblins
  8 kobolds
  12 rats
110 creatures vanquished.

Vanquished Creatures (others)
  A wizard (D:3)
  22 foxfires
  59 plants (D:3)
82 creatures vanquished.

Grand Total: 192 creatures vanquished

Notes
Turn   | Place    | Note
-------+----------+-------------------------------------------
     0 | D:1      | Wobber the Hill Orc Cinder Acolyte began the quest for the
                  | Orb.
     0 | D:1      | Reached XP level 1. HP: 19/19 MP: 2/2
   239 | D:1      | Reached XP level 2. HP: 27/27 MP: 3/3
   269 | D:1      | Learned a level 2 spell: Scorch
   602 | D:1      | Found Miczoj's Magic Scroll Shop.
   615 | D:1      | Reached skill level 1 in Armour
   807 | D:2      | Noticed Terence
   820 | D:2      | Killed Terence
   821 | D:2      | Reached skill level 1 in Dodging
   821 | D:2      | Reached XP level 3. HP: 9/33 MP: 2/4
  1000 | D:2      | Noticed Jessica
  1006 | D:2      | Killed Jessica
  1007 | D:2      | Reached XP level 4. HP: 33/40 MP: 0/6
  1676 | D:3      | Noticed Sigmund
  1682 | D:3      | Killed Sigmund
  1683 | D:3      | Reached skill level 5 in Axes
  1683 | D:3      | Reached XP level 5. HP: 39/47 MP: 4/7
  1683 | D:3      | Reached XP level 6. HP: 44/53 MP: 4/8
  1801 | D:3      | Found a bloodstained altar of Trog.
  1802 | D:3      | Noticed a wizard
  1921 | D:3      | Found a runed translucent gate.
  1921 | D:3      | Found a runed translucent gate.
  2075 | D:3      | Found a burning altar of Makhleb.
  2240 | D:3      | Found a runed translucent gate.
  2242 | D:3      | Noticed cforsyth's ghost (amateur KoBr)
  2515 | D:3      | Found Voufyhis's General Store.
  2770 | D:3      | Killed a wizard
  2842 | D:3      | Killed cforsyth's ghost
  3199 | D:4      | Reached skill level 5 in Fighting
  3275 | D:4      | Reached XP level 7. HP: 61/61 MP: 10/10
  3430 | D:4      | Found a white marble altar of Elyvilon.
  3863 | D:4      | Found a broken altar of Ashenzari.
  3991 | D:5      | Entered Level 5 of the Dungeon
  4006 | D:5      | Found a hazy altar of Hepliaklqana.
  4007 | D:5      | Found a basalt altar of Yredelemnul.
  4008 | D:5      | Found a glowing silver altar of Zin.
  4079 | D:5      | Reached skill level 5 in Fire Magic
  4079 | D:5      | Reached XP level 8. HP: 63/69 MP: 4/11
  4259 | D:5      | Found a blossoming altar of Fedhas.
  4428 | D:5      | Found a glowing drain.
  4443 | Sewer    | Entered a sewer
  4725 | D:5      | Found an ancient bone altar of Kikubaaqudgha.
  5300 | D:6      | Found a staircase to the Ecumenical Temple.
  5381 | D:6      | Identified the +2 robe of Fortitude {rPois rCorr}
  5626 | D:6      | Found a sparkling altar of Nemelex Xobeh.
  6189 | D:7      | HP: 3/70 [ice beast (10)]
  6189 | D:7      | Mangled by a gnoll

Illustrated notes

Levels and vault maps discovered:
D:1:      eino_arrival_water_star, layout_loops_cross, serial_shops,
          nicolae_shop_trees, roderic_cross_of_infinity
D:2:      layout_loops_cross, corexii_shack, uniq_terence, uniq_jessica
D:3:      layout_basic, lightli_temple_of_fire, trog_wizard,
          gammafunk_ghost_split, serial_shops, nicolae_shop_crystal,
          kennysheep_boxes, uniq_sigmund
D:4:      layout_gridville, mainiacjoe_overflow_alcove_4, elyvilon_altar_1,
          supply_closet_lemuel
D:5:      layout_basic, lemuel_round_altar,
          chequers_temple_overflow_statue_of_worship, lemuel_crystal_altar,
          gup_sewer_entry_bowl
D:6:      layout_loops_corners, mainiacjoe_overflow_catwalk,
          minmay_temple_entry_offerings
D:7:      kennysheep_steamy, layout_basic, uniq_crazy_yiuf_cottage

Skill      XL: |  1  2  3  4  5  6  7  8 |
---------------+-------------------------+-----
Armour         | 1 2 3 4 |  4.3
Fighting       | 4 5 6 |  6.1
Dodging        | 1 2 3 |  3.3
Axes           | 5 6 |  6.7
Fire Magic     | 4 5 |  5.4
Spellcasting   | 2 |  2.9

Action                     |  1- 3 |  4- 6 |  7- 9 || total
---------------------------+-------+-------+-------++-------
  Melee: Hand axe          |    42 |    36 |    60 ||   138
         Punch             |     1 |       |     1 ||     2
         Broad axe         |       |       |     7 ||     7
         War axe           |       |       |     2 ||     2
   Fire: Sling             |     4 |     2 |     2 ||     8
   Cast: Scorch            |     8 |    51 |    69 ||   128
 Invoke: Foxfire Swarm     |       |     1 |     1 ||     2
         Fiery Armour      |       |     1 |     1 ||     2
    Use: Scroll            |       |    10 |       ||    10
 Armour: Robe              |     2 |    17 |    50 ||    69
         Leather armour    |     2 |       |       ||     2
  Dodge: Dodged            |    21 |    35 |    52 ||   108

Table legend: (Time is in decaauts)
 A = Elapsed time spent in this place.
 B = Non-inter-level travel time spent in this place.
 C = Inter-level travel time spent in this place.
 D = Time resting spent in this place.
 E = Time spent auto-exploring this place.
 F = Levels seen in this place.
 G = Mean time per level.
                   A        B        C        D        E       F      G
               +--------+--------+--------+--------+--------+-----+--------+
         Total |   6213 |   6097 |    116 |    252 |   4733 |   8 |  776.6 |
       Dungeon |   6051 |   5935 |    116 |    252 |   4616 |   7 |  864.4 |
         Sewer |    162 |    162 |      0 |      0 |    117 |   1 |  162.0 |
               +--------+--------+--------+--------+--------+-----+--------+

Top non-repeatable levels by time:
     D:3: 1349 daAuts
     D:5: 1051 daAuts
     D:6: 974 daAuts
     D:4: 968 daAuts
     D:2: 954 daAuts
     D:1: 725 daAuts
   Sewer: 162 daAuts
     D:7: 28 daAuts
